 Dungeon Crawl Stone Soup version 0.23-a0-394-g6ce9549 (webtiles) character file.

546 Dawnplanks the Bolt Thrower (level 7, -7/61 HPs)
             Began as a Naga Arcane Marksman on Oct 31, 2018.
             Was an Initiate of Cheibriados.
             Splashed by a jelly's acid (9 damage)
             ... on level 6 of the Dungeon.
             The game lasted 00:14:20 (3921 turns).

Dawnplanks the Bolt Thrower (Naga Arcane Marksman)  Turns: 3921, Time: 00:14:20

Health: -7/61      AC: -7    Str: 14    XL:     7   Next: 28%
Magic:  8/8        EV:  7    Int: 14    God:    Cheibriados [......]
Gold:   322        SH: 12    Dex: 14    Spells: 7/8 levels left

rFire    . . .     SeeInvis +   a - +0 hand crossbow
rCold    . . .     Gourm    .   x - +2 shield
rNeg     + . .     Faith    .   y - +0 leather armour
rPois    +         Spirit   .   k - +0 helmet
rElec    .         Reflect  +   (no cloak)
rCorr    .         Harm     .   (no gloves)
MR       .....                  (no barding)
Stlth    ++........             j - +3 amulet of reflection
HPRegen  0.20/turn              r - ring of positive energy
MPRegen  0.11/turn              v - ring of flight

@: corroded, very slow
A: large, see invisible, deformed body, poison resistance, slowness 2, slow
metabolism 1, spit poison 1, AC +2
a: Spit Poison, Bend Time, Renounce Religion, Evoke Flight


You were on level 6 of the Dungeon.
You worshipped Cheibriados.
Cheibriados was noncommittal.
You were very hungry.

You visited 2 branches of the dungeon, and saw 7 of its levels.

You collected 322 gold pieces.

Inventory:

Hand Weapons
 a - a +0 hand crossbow (weapon)
Missiles
 d - 30 bolts (quivered)
Armour
 k - a +0 helmet (worn)
 x - a +2 shield (worn)
 y - a +0 leather armour (worn)
Jewellery
 c - an uncursed amulet of guardian spirit
 j - a +3 amulet of reflection (around neck)
 r - a ring of positive energy (left hand)
 v - a ring of flight (right hand)
Wands
 D - a wand of acid (7)
Scrolls
 e - 3 scrolls of teleportation {unknown}
 h - 3 scrolls of magic mapping {unknown}
 n - 3 scrolls of amnesia {unknown}
 o - a scroll of remove curse {unknown}
 p - a scroll of enchant weapon {unknown}
 q - 3 scrolls of identify {unknown}
 w - a scroll of fear {unknown}
 C - 2 scrolls of immolation {unknown}
 F - a scroll of blinking {unknown}
Potions
 b - 4 potions of curing {unknown}
 g - 2 potions of agility {unknown}
 i - a potion of brilliance {unknown}
 l - 2 potions of resistance {unknown}
 m - a potion of degeneration {unknown}
 s - 2 potions of heal wounds {unknown}
 t - 2 potions of haste {unknown}
 u - 6 potions of flight {unknown}
 z - a potion of might {unknown}
 A - 2 potions of mutation {unknown}
 B - 2 potions of magic {unknown}
Comestibles
 f - 7 rations


   Skills:
 + Level 2.5 Fighting
 * Level 5.9 Crossbows
 + Level 0.6 Armour
 + Level 2.1 Dodging
 + Level 1.6 Stealth
 + Level 1.2 Shields
 + Level 1.0 Spellcasting
 + Level 3.2 Hexes


You had 7 spell levels left.
You knew the following spells:

 Your Spells              Type           Power        Failure   Level  Hunger
a - Corona                Hex            #......      43%         1    ##.....

Your spell library contained the following spells:

 Spells                   Type           Power        Failure   Level  Hunger
 Confusing Touch          Hex            #.....       43%         1    ##.....
 Slow                     Hex            #.......     58%         2    ###....
 Animate Skeleton         Necr           N/A          87%         1    ##.....
 Apportation              Tloc           #.....       87%         1    ##.....
 Summon Small Mammal      Summ           #...         87%         1    ##.....
 Inner Flame              Hex/Fire       #.......     95%         3    ####...
 Portal Projectile        Hex/Tloc       #.....       95%         3    ####...
 Cause Fear               Hex            #.........   99%         4    #####..
 Leda's Liquefaction      Hex/Erth       #.........   100%        4    #####..


Dungeon Overview and Level Annotations

Branches:
Dungeon (6/15)             Temple (1/1) D:5

Altars:
Cheibriados
Hepliaklqana
Kikubaaqudgha
Makhleb
Nemelex Xobeh
Ru
Sif Muna
Uskayaw
Vehumet
Zin

Shops:
D:5 !


Innate Abilities, Weirdness & Mutations

You cannot wear boots.
Your serpentine skin is tough. (AC +2)
You have supernaturally acute eyesight. (SInv)
Armour fits poorly on your strangely shaped body.
Your system is resistant to poisons. (rPois)
You cover ground very slowly.
You have a slow metabolism.
You can spit poison.


Message History

You shoot a bolt. The bolt barely misses the jelly.
The jelly hits you.
* * * LOW HITPOINT WARNING * * *
You are splashed with acid!
The acid burns!
* * * LOW HITPOINT WARNING * * *
Firing (i - inventory)
d - 32 bolts (quivered)
Press: ? - help, Shift-Dir - straight line, f/p - jelly
Aim: a jelly (heavily wounded)
You shoot a bolt.
The bolt hits the jelly but does no damage.
The jelly is heavily wounded.
You block the jelly's attack.
Firing (i - inventory)
d - 31 bolts (quivered)
Press: ? - help, Shift-Dir - straight line, f/p - jelly
Aim: a jelly (heavily wounded)
You shoot a bolt. The bolt hits the jelly.
The jelly is heavily wounded.
You block the jelly's attack. The jelly hits you.
* * * LOW HITPOINT WARNING * * *
The acid corrodes you!
You are splashed with acid!
The acid burns!
You die...

#. # #. (( #. #( #.
..##. ### ((. ..#
#J##(###.# #)@......#
####.##### #.# ##+##
#####.### ##...##
#.......# ##.....##
#.###.#/# ##.......##
#.#.#.#.#
#.........###.....#.#
+.........'.....(.#.#


You could see a jelly.

Vanquished Creatures
  An ice beast (D:5)
  A bullfrog (D:5)
  A howler monkey (D:5)
  A crimson imp (D:5)
  A hound (D:4)
  3 worker ants
  2 orc wizards (D:6)
  A hound skeleton (D:4)
  5 adders
  2 oozes
  2 adder skeletons
  3 worms
  4 dart slugs
  A leopard gecko (D:3)
  15 orcs
  5 giant cockroaches
  4 goblins
  5 hobgoblins
  2 jackals (D:3)
  4 kobolds
  5 quokkas
  8 bats
  3 frilled lizards
  A leopard gecko zombie (D:5)
  5 rats
85 creatures vanquished.

Notes
Turn   | Place    | Note
-------+----------+-------------------------------------------
     0 | D:1      | Dawnplanks the Naga Arcane Marksman began the quest for the
                  | Orb.
     0 | D:1      | Reached XP level 1. HP: 18/18 MP: 2/2
    54 | D:1      | Reached skill level 2 in Crossbows
   110 | D:1      | Reached XP level 2. HP: 25/25 MP: 1/3
   827 | D:2      | Reached XP level 3. HP: 31/31 MP: 4/4
  1273 | D:2      | Reached skill level 3 in Crossbows
  1744 | D:3      | Reached XP level 4. HP: 38/38 MP: 5/5
  2033 | D:3      | Found a sacrificial altar of Ru.
  2410 | D:4      | Reached skill level 4 in Crossbows
  2410 | D:4      | Reached XP level 5. HP: 42/45 MP: 6/6
  2728 | D:4      | Reached skill level 1 in Stealth
  2788 | D:4      | Reached XP level 6. HP: 41/52 MP: 7/7
  2897 | D:5      | Entered Level 5 of the Dungeon
  3069 | D:5      | Reached skill level 5 in Crossbows
  3258 | D:5      | Reached skill level 1 in Shields
  3412 | D:5      | Noticed an ice beast
  3418 | D:5      | Killed an ice beast
  3418 | D:5      | Reached XP level 7. HP: 61/61 MP: 8/8
  3655 | D:5      | Found a staircase to the Ecumenical Temple.
  3661 | Temple   | Entered the Ecumenical Temple
  3679 | Temple   | Became a worshipper of Cheibriados the Contemplative
  3734 | D:5      | Found Ziopt's Distillery.
  3921 | D:6      | HP: 2/61 [jelly (3)]
  3921 | D:6      | Splashed by a jelly's acid

Vault maps used:
D:1:      erik_arrival_cave_to_civilisation, eino_curves_03, minmay_cut_off
D:2:      first_ration
D:3:      nicolae_ru_sacrificial_ziggurat, grunt_ministairs_10, nrook_uturn
D:4:      kennysheep_big_empty_room
D:5:      minmay_temple_entry_fiery, serial_shops, kennysheep_mini
D:6:      lemuel_castle_with_subvaults, serial_shops, kennysheep_little_box,
          basic_altar
Temple:   regret_index_temple_sigil_plot

Skill      XL: |  1  2  3  4  5  6 |
---------------+-------------------+-----
Crossbows      | 2 3 4 5 |  5.9
Dodging        | 2 |  2.1
Fighting       | 2 |  2.5
Stealth        | 1 |  1.6
Shields        | 1 |  1.2
Armour         | |  0.6
Spellcasting   | |  1.0
Hexes          | |  3.2

Action                   |  1- 3 |  4- 6 |  7- 9 || total
-------------------------+-------+-------+-------++-------
 Fire: Hand crossbow     |    75 |   138 |    45 ||   258
 Cast: Corona            |     1 |       |       ||     1
 Abil: Spit Poison       |       |     5 |     3 ||     8
  Eat: Chunk             |     2 |     5 |       ||     7
Armor: Robe              |    10 |     8 |       ||    18
       Leather armour    |       |     2 |     1 ||     3
Dodge: Dodged            |    15 |    22 |     8 ||    45
Block: Other             |     6 |     2 |       ||     8
       Shield            |       |    27 |    24 ||    51
       Reflection        |       |     1 |       ||     1

Table legend:
 A = Non-vault XP
 B = Vault XP
 C = Vault XP percentage of total XP
 D = Non-vault monster count
 E = Vault monster count
 F = Vault count percentage of total count
                 A         B        C        D         E       F
            +---------+---------+-------+---------+---------+-------
      Total |     760 |      21 |   2.7 |      76 |       9 |  10.6
            +---------+---------+-------+---------+---------+-------
        D:1 |      15 |      17 |  53.1 |       9 |       7 |  43.8
        D:2 |      44 |       0 |   0.0 |      15 |       0 |   0.0
        D:3 |      71 |       4 |   5.3 |      19 |       2 |   9.5
        D:4 |     185 |       0 |   0.0 |      13 |       0 |   0.0
        D:5 |     359 |       0 |   0.0 |      12 |       0 |   0.0
        D:6 |      86 |       0 |   0.0 |       8 |       0 |   0.0
            +---------+---------+-------+---------+---------+-------
